 Dungeon Crawl Stone Soup version 0.16.2-12-gd0ad4c3 (webtiles) character file.

180656 Peloso the Fencer (level 17, -16/161 HPs)
             Began as a Minotaur Fighter on Oct 14, 2015.
             Was the Champion of Okawaru.
             Demolished by an acid blob (34 damage)
             ... created by the royal jelly
             ... on level 6 of the Pits of Slime.
             The game lasted 02:18:24 (33605 turns).

Peloso the Fencer (Minotaur Fighter)               Turns: 33605, Time: 02:18:24

Health: -16/161    AC:  9    Str: 34    XL:     17   Next: 65%
Magic:  0/9        EV: 17    Int:  5    God:    Okawaru [******]
Gold:   3737       SH: 22    Dex: 16    Spells: 0 memorised, 16 levels left

rFire  + . .     SeeInvis .     v - +8 double sword (holy)
rCold  + . .     Clarity  .     C - +7 plate armour of the Moon {rCorr Dex+3 Slay+3}
rNeg   + . .     SustAb   .     P - +3 shield {rN+}
rPois  .         Gourm    .     s - +2 hat
rElec  .         Spirit   .     Q - +2 cloak of the Queen {rF+}
rCorr  +         Warding  .     c - +2 pair of gloves "Fiapi" {-Tele rC+ MR+ Regen+ Str+4}
rMut   .         Stasis   +     W - +2 pair of boots {Fly}
MR     +++..                    b - amulet of Wumuegh {Stasis Str+5}
Stlth  ..........               D - +1 ring of evasion
                                E - ring of protection from magic

@: heroism, corroded equipment, flying, extremely resistant to hostile
enchantments, extremely unstealthy
A: retaliatory headbutt, horns 2, berserk 2, deformed body
a: Heroism, Finesse, Renounce Religion, Stop Flying


You were on level 6 of the Pits of Slime.
You worshipped Okawaru.
Okawaru was exalted by your worship.
You were not hungry.

You visited 5 branches of the dungeon, and saw 34 of its levels.
You also visited: Labyrinth, Ossuary, Bailey and Ice Cave.

You collected 3737 gold pieces.

Inventory:

Hand weapons
 a - a +1 quarterstaff of protection
 h - a +4 scimitar of flaming
 j - a +1 demon blade of electrocution
 m - the +9 broad axe of Nomudoom {chop, -Cast rPois SInv Stlth+}
   (Okawaru gifted it to you on level 4 of the Orcish Mines)

   It inflicts extra damage upon your enemies.
   It protects you from poison.
   It enhances your eyesight.
   It prevents spellcasting.
   It makes you more stealthy.
 v - a +8 double sword of holy wrath (weapon)
 I - a +1 double sword of draining
Armour
 c - the +2 pair of gloves "Fiapi" (worn) {-Tele rC+ MR+ Regen+ Str+4}
   (Okawaru gifted it to you on level 2 of the Pits of Slime)

   It affects your strength (+4).
   It protects you from cold.
   It affects your resistance to hostile enchantments.
   It prevents most forms of teleportation.
   It increases your rate of regeneration.
 s - a +2 hat (worn)
 C - the +7 plate armour of the Moon (worn) {rCorr Dex+3 Slay+3}
   (You took it off a goblin on level 5 of the Dungeon)

   It affects your dexterity (+3).
   It affects your accuracy and damage with ranged weapons and melee attacks
   (+3).
   It protects you from acid and corrosion.
 L - the +5 pair of gloves of Beyond {rC+ Str+3}
   (Okawaru gifted it to you on level 13 of the Dungeon)

   It affects your strength (+3).
   It protects you from cold.
 P - a +3 shield of positive energy (worn)
 Q - the +2 cloak of the Queen (worn) {rF+}
   (Okawaru gifted it to you on level 3 of the Lair of Beasts)

   It protects you from fire.
 R - a +2 plate armour of cold resistance
 W - a +2 pair of boots of flying (worn)
 Y - the +0 cloak of Starlight {rElec rC+ EV+4 Stlth-}
   (You found it in an ice cave)

   It affects your evasion (+4).
   It protects you from cold.
   It insulates you from electricity.
   It makes you less stealthy.
Jewellery
 b - the amulet of Wumuegh (around neck) {Stasis Str+5}
   (You found it on level 15 of the Dungeon)

   [amulet of stasis]

   It prevents you from being teleported, slowed, hasted or paralysed.
   It affects your strength (+5).
 y - an uncursed amulet of faith
 D - a +1 ring of evasion (right hand)
 E - a ring of protection from magic (left hand)
 K - an uncursed amulet of guardian spirit
 V - an uncursed ring of positive energy
Magical devices
 t - a wand of digging (15)
 x - a wand of teleportation (2)
Scrolls
 g - a scroll of amnesia
 l - a scroll of magic mapping
 o - 5 scrolls of remove curse
 q - a scroll of summoning
 u - 3 scrolls of fear
 w - 3 scrolls of teleportation
 A - 4 scrolls of blinking
 B - 2 scrolls of enchant weapon
 F - a scroll of vulnerability {unknown}
 H - 2 scrolls of recharging
 J - 3 scrolls of holy word
 M - a scroll of identify
 X - a scroll of silence
 Z - 3 scrolls of enchant armour
Potions
 e - 2 potions of invisibility
 f - 2 potions of heal wounds
 n - a potion of cancellation
 p - 2 potions of resistance
 r - a potion of restore abilities
 z - 2 potions of haste
 G - 7 potions of curing
 N - 2 potions of mutation
 S - a potion of might
Comestibles
 d - 12 bread rations
 i - 11 slices of pizza
 k - 13 meat rations
 O - 2 fruits


   Skills:
 + Level 17.3(22.3) Fighting
 + Level 20.5(25.5) Long Blades
 + Level 1.2(6.3) Axes
   Level 0.8(6.2) Polearms
 + Level 14.5(19.5) Armour
 + Level 7.1(12.1) Dodging
 + Level 2.3(7.3) Stealth
 + Level 19.4(24.4) Shields
 + Level 1.4 Invocations


You had 16 spell levels left.
You didn't know any spells.

Dungeon Overview and Level Annotations

Branches:
Dungeon (15/15)            Temple (1/1) D:5            Lair (8/8) D:10
 Shoals (0/5) Lair:5        Snake (0/5) Lair:4        Slime (6/6) Lair:6
    Orc (4/4) D:10            Elf (0/3) Orc:3        Vaults (0/5) D:13
 Depths (0/5) D:15

Altars:
Ashenzari
Cheibriados
Elyvilon
Fedhas
Kikubaaqudgha
Makhleb
Nemelex Xobeh
Okawaru
Qazlal
Sif Muna
Vehumet
Yredelemnul
The Shining One
Jiyva

Shops:
D:9 *   D:13 %   Orc:4 (=%?

Annotations:
Slime:6 Royal Jelly


Innate Abilities, Weirdness & Mutations

You reflexively headbutt those who attack you in melee.
You have a pair of horns on your head.
You often lose your temper in combat.
Armour fits poorly on your strangely shaped body.


Message History

The splash of acid hits you! You resist.
* * * LOW HITPOINT WARNING * * *
The acid burns!
You resist.
* * * LOW HITPOINT WARNING * * *
You block the royal jelly's attack. x2
You hit the royal jelly but do no damage.
The royal jelly is heavily wounded.
You block the death ooze's attack. x2
You block the acid blob's attack. The royal jelly hits you!!!
* * * LOW HITPOINT WARNING * * *
You are splashed with acid!
The acid burns!
You resist.
* * * LOW HITPOINT WARNING * * *
You block the royal jelly's attack. The slime creature hits you!
* * * LOW HITPOINT WARNING * * *
Unknown command.
Drink which item? (? for menu, Esc to quit)
You feel much better. You block the death ooze's attack.
You block the death ooze's attack. You block the royal jelly's attack.
You block the royal jelly's attack. The acid blob hits you!!
You die...

........#*,,,,**,.#*,,,,*##......
........#**,,*,**.#,*,,****......
........#####***,.###*****,,,....
.......##...#,,,,...,*,,,*,,,....
..........#,,,*,JGJ*,,,*,,,,.....
........###*****JJ#********,.....
.......##**,,*,##J#,*,,***,,.....
.......# *,,,,*#JJ#*,,,,**,......
.......##*,,,,,#@##,,,,,**#......
........##*,,,*#JJ#*,,,**........
.........###,,,##J#,,,**.........
...........#*,*#..#*,###.........
...........#####.###*#...........
............#.##.#.###...........
.................................
.................................
.................................


You could see the royal jelly, 2 acid blobs, 2 azure jellies, a slime creature,
2 death oozes and an eye of draining.

Vanquished Creatures
  Dissolution (Slime:1)
  The ghost of Musteatbrain the Executioner, a mighty MiBe of Trog (Slime:4)
  17 acid blobs
  7 azure jellies
  An emperor scorpion (D:15)
  A dire elephant (D:15)
  3 rakshasas (D:15)
  A minotaur (Lab)
  5 great orbs of eyes
  Fannar (Lair:2)
  9 hydras
  Harold (D:14)
  2 ogre magi (D:15)
  3 catoblepae (Lair:8)
  11 death yaks
  3 centaur warriors
  Urug (Orc:3)
  3 orc high priests (Orc:4)
  A sun demon (Orc:4)
  Nergalle (Lair:7)
  107 slime creatures
  An unseen horror (D:13)
  2 ice devils (D:14)
  4 ice statues
  A lindwurm (Lair:7)
  A wizard (D:13)
  10 ugly things
  9 hill giants
  7 orc knights
  3 orc sorcerers (Orc:4)
  A cyclops (D:14)
  A griffon (Lair:7)
  7 shining eyes
  A salamander (D:15)
  14 elephants
  3 oklob plants (Lair:6)
  3 manticores
  5 black mambas
  12 spiny frogs
  4 eyes of devastation
  A queen ant (Lair:8)
  7 torpor snails
  2 gargoyles
  7 komodo dragons
  A kobold demonologist (D:12)
  An efreet (D:15)
  A fire drake (Lair:2)
  A freezing wraith (Lair:1)
  10 trolls
  3 polar bears
  11 two-headed ogres
  A harpy skeleton (D:15)
  10 blink frogs
  Prince Ribbit (D:5)
  2 ravens (D:15)
  A tengu conjurer (D:15)
  A basilisk (Lair:1)
  3 wraiths
  2 shadows (Lab)
  3 wyverns
  2 vampires
  6 deep elf magi
  Eustachio (D:5)
  67 yaks
  9 golden eyes
  5 wolves (Lair:8)
  11 hippogriffs
  2 vampire mosquitoes (D:14)
  2 nagas (Lair:4)
  A hungry ghost (D:15)
  21 soldier ants
  4 wargs
  14 porcupines
  10 water moccasins
  5 sky beasts
  A black bear (Lair:2)
  A necrophage (D:12)
  26 orc warriors
  11 eyes of draining
  18 centaurs
  16 ice beasts
  6 phantoms
  13 crocodiles
  2 boring beetles
  Sigmund (D:4)
  5 big kobolds
  23 ogres
  15 giant frogs
  2 wyvern skeletons
  3 scorpions
  10 killer bees
  6 electric eels
  2 yak skeletons (Orc:4)
  3 wights (D:6)
  5 crimson imps
  A giant frog skeleton (D:10)
  A quasit (D:10)
  2 centaur zombies
  8 hounds
  33 jellies
  27 orc priests
  7 centaur skeletons
  6 iguanas
  36 worker ants
  34 orc wizards
  12 sheep
  Ijyb (D:3)
  2 hound skeletons
  2 mummies
  4 orc zombies (Orc:4)
  6 gnolls
  19 adders
  30 river rats
  4 shadow imps
  A giant mite (D:6)
  An ufetubus (Orc:4)
  A worm (D:2)
  3 adder zombies
  3 adder skeletons
  2 giant geckos
  159 orcs
  A bat skeleton (D:5)
  33 goblins
  21 hobgoblins
  32 kobolds
  2 oozes
  14 quokkas
  4 ball pythons
  15 bats
  2 giant cockroaches (D:3)
  6 giant newts
  5 gnoll skeletons (Ossuary)
  11 jackals
  7 kobold skeletons (Ossuary)
  13 orc skeletons (Ossuary)
  21 rats
  6 rat skeletons (Orc:4)
  9 ballistomycetes
  A bush (Lair:6)
  2 plants (D:10)
1277 creatures vanquished.

Vanquished Creatures (others)
  A two-headed ogre (D:15)
  A raven (D:15)
  2 orcs
  4 giant spores
  A kobold (D:7)
  A quokka (Lair:6)
  5 rat skeletons (Orc:4)
  2 fungi
17 creatures vanquished.

Grand Total: 1294 creatures vanquished

Notes
Turn   | Place    | Note
--------------------------------------------------------------
     0 | D:1      | Peloso, the Minotaur Fighter, began the quest for the Orb.
     0 | D:1      | Reached XP level 1. HP: 19/19 MP: 1/1
   142 | D:1      | Reached skill level 4 in Fighting
   142 | D:1      | Reached XP level 2. HP: 27/27 MP: 1/1
   643 | D:2      | Reached skill level 1 in Dodging
   655 | D:2      | Reached XP level 3. HP: 33/33 MP: 2/2
   669 | D:2      | Found a shattered altar of Ashenzari.
   774 | D:2      | Found an ancient bone altar of Kikubaaqudgha.
   775 | D:2      | Found a blossoming altar of Fedhas.
   925 | D:2      | Found a snail-covered altar of Cheibriados.
   927 | D:2      | Found a stormy altar of Qazlal.
   977 | D:2      | Found a radiant altar of Vehumet.
  1477 | D:2      | Reached XP level 4. HP: 40/40 MP: 2/2
  1577 | D:3      | Found a burning altar of Makhleb.
  1635 | D:3      | Found an iron altar of Okawaru.
  1643 | D:3      | Became a worshipper of Warmaster Okawaru
  2327 | D:3      | Noticed Ijyb
  2346 | D:3      | Killed Ijyb
  2393 | D:3      | Reached XP level 5. HP: 44/47 MP: 2/2
  2791 | D:4      | Got a brightly glowing hand axe
  2792 | D:4      | Lost intelligence.
  2792 | D:4      | Identified the +6 hand axe "Death Rattle" {freeze, MP+9 Int-5 Dex+6} (You found it on level 4 of the Dungeon)
  2852 | D:4      | Noticed an ogre
  2854 | D:4      | Noticed Sigmund
  2854 | D:4      | Killed an ogre
  2854 | D:4      | Reached skill level 5 in Armour
  2854 | D:4      | Reached skill level 5 in Shields
  2854 | D:4      | Reached XP level 6. HP: 41/53 MP: 3/3
  2873 | D:4      | Killed Sigmund
  3516 | D:5      | Entered Level 5 of the Dungeon
  3598 | D:5      | Noticed Prince Ribbit
  3628 | D:5      | HP: 2/53 [Prince Ribbit (15)]
  3630 | D:5      | Killed Prince Ribbit
  3630 | D:5      | Acquired Okawaru's first power
  3630 | D:5      | Reached skill level 5 in Fighting
  3630 | D:5      | Reached skill level 6 in Armour
  3630 | D:5      | Reached skill level 1 in Stealth
  3630 | D:5      | Reached XP level 7. HP: 2/61 MP: 3/3
  3925 | D:5      | Found a staircase to the Ecumenical Temple.
  3936 | Temple   | Entered the Ecumenical Temple
  4018 | D:5      | Noticed Eustachio
  4034 | D:5      | Killed Eustachio
  4058 | D:5      | Got a steaming plate armour
  4075 | D:5      | Identified the +7 plate armour of the Moon {rCorr Dex+3 Slay+3} (You took it off a goblin on level 5 of the Dungeon)
  4284 | D:5      | Found a basalt altar of Yredelemnul.
  4451 | D:5      | Reached XP level 8. HP: 67/69 MP: 3/3
  4706 | D:6      | Reached skill level 5 in Long Blades
  4819 | D:6      | Reached skill level 7 in Armour
  4819 | D:6      | Reached skill level 5 in Dodging
  5153 | D:6      | Reached skill level 8 in Shields
  5153 | D:6      | Reached XP level 9. HP: 50/75 MP: 4/4
  5328 | D:7      | Got an encrusted long sword
  5329 | D:7      | Identified the +3 long sword of Luruny {slice, Str+2 Dex+2} (You found it on level 7 of the Dungeon)
  5572 | D:7      | Reached skill level 9 in Shields
  5732 | D:7      | Found a sparkling altar of Nemelex Xobeh.
  5997 | D:7      | Found a deep blue altar of Sif Muna.
  6174 | D:8      | Found a sand-covered staircase.
  6186 | Ossuary  | Entered an ossuary
  6528 | D:8      | Identified the Incunabulum of Virous Transmutation
  6758 | D:8      | Reached skill level 10 in Shields
  6848 | D:8      | Reached XP level 10. HP: 86/88 MP: 4/4
  6849 | D:8      | Acquired Okawaru's second power
  6886 | D:8      | Noticed a three-headed hydra
  6894 | D:8      | Killed a one-headed hydra
  6894 | D:8      | Received a gift from Okawaru
  7182 | Temple   | Identified a scroll of acquirement
  7185 | Temple   | Got a pair of warped gloves
  7191 | Temple   | Identified the -5 pair of gloves of the Country {rElec rC+} (You acquired it in the Ecumenical Temple)
  7523 | D:9      | Found a white marble altar of Elyvilon.
  7831 | D:9      | Reached skill level 11 in Shields
  7936 | D:9      | Found Qayqap's Assorted Antiques.
  8034 | D:10     | Entered Level 10 of the Dungeon
  8095 | D:10     | Noticed a hill giant
  8103 | D:10     | Killed a hill giant
  8124 | D:10     | Found a staircase to the Lair.
  8157 | D:10     | Found a staircase to the Orcish Mines.
  8171 | D:10     | Noticed a hill giant
  8189 | D:10     | Killed a hill giant
  8189 | D:10     | Reached skill level 10 in Long Blades
  8434 | D:10     | Reached XP level 11. HP: 97/97 MP: 4/4
  9004 | D:11     | Reached skill level 12 in Shields
  9285 | D:11     | HP: 3/99 [orc warrior/glaive of freezing (13)]
  9285 | D:11     | HP: 1/99 [orc warrior/glaive of freezing (2)]
  9745 | D:11     | Noticed a seven-headed hydra
  9755 | D:11     | Reached skill level 10 in Armour
  9798 | D:11     | Killed a two-headed hydra
  9798 | D:11     | Reached skill level 10 in Fighting
 10279 | D:11     | Noticed a hill giant
 10294 | D:11     | Killed a hill giant
 10294 | D:11     | Reached skill level 13 in Shields
 10297 | D:11     | Received a gift from Okawaru
 10307 | D:11     | Got a scorched hunting sling {god gift}
 10330 | D:11     | Identified the +7 hunting sling "Juqo" {venom, rPois Int+6} (Okawaru gifted it to you on level 11 of the Dungeon)
 10389 | D:11     | Noticed a seven-headed hydra
 10403 | D:11     | Killed a two-headed hydra
 10561 | D:12     | Reached XP level 12. HP: 95/107 MP: 3/5
 10860 | D:12     | Noticed a hill giant
 10869 | D:12     | Killed a hill giant
 10890 | D:12     | Noticed a hill giant
 10897 | D:12     | Killed a hill giant
 10990 | D:12     | Noticed a centaur warrior
 11002 | D:12     | Killed a centaur warrior
 11428 | D:13     | Found Faawetz's Food Shoppe.
 11463 | D:13     | Received a gift from Okawaru
 11463 | D:13     | Reached skill level 1 in Invocations
 11466 | D:13     | Got a pair of jewelled gloves {god gift}
 11477 | D:13     | Identified the +5 pair of gloves of Beyond {rC+ Str+3} (Okawaru gifted it to you on level 13 of the Dungeon)
 11491 | D:13     | Noticed a centaur warrior
 11500 | D:13     | Killed a centaur warrior
 11514 | D:13     | Reached skill level 14 in Shields
 11739 | D:13     | Found Seas' Antique Weapon Boutique.
 12035 | D:13     | Found a gate to the Vaults.
 12181 | D:14     | Noticed a five-headed hydra
 12192 | D:14     | Killed a one-headed hydra
 12365 | D:14     | Found a frozen archway.
 12373 | D:14     | Received a gift from Okawaru
 12373 | D:14     | Reached XP level 13. HP: 117/117 MP: 7/7
 12391 | IceCv    | Entered an ice cave
 12449 | IceCv    | Reached skill level 1 in Axes
 12647 | D:14     | Reached skill level 15 in Shields
 12649 | D:14     | Noticed a four-headed hydra
 12659 | D:14     | Killed a two-headed hydra
 12937 | D:14     | Noticed Harold
 12957 | D:14     | Killed Harold
 13148 | D:15     | Entered Level 15 of the Dungeon
 13152 | D:15     | Received a gift from Okawaru
 13205 | D:15     | Found a labyrinth entrance.
 13208 | D:15     | Got a bound garnet amulet
 13244 | D:15     | Received a gift from Okawaru
 13285 | Lab      | Entered a labyrinth
 13321 | Lab      | Identified the amulet of Wumuegh {Stasis Str+5} (You found it on level 15 of the Dungeon)
 13674 | Lab      | Found an exit through the horrors of the Abyss.
 13862 | Lab      | Identified the Incunabulum of Icy Confrontation
 13871 | Lab      | Identified a +2 pair of boots of running (You found it in a labyrinth)
 15350 | D:15     | Received a gift from Okawaru
 15386 | D:15     | Reached skill level 15 in Long Blades
 15409 | D:15     | Reached XP level 14. HP: 109/127 MP: 7/7
 15595 | D:15     | Noticed an emperor scorpion
 15609 | D:15     | Noticed a dire elephant
 15615 | D:15     | Killed an emperor scorpion
 15615 | D:15     | Reached skill level 16 in Shields
 15616 | D:15     | Found a staircase to the Depths.
 15633 | D:15     | Killed a dire elephant
 15959 | Orc:1    | Entered Level 1 of the Orcish Mines
 16232 | Orc:2    | Found a glowing golden altar of the Shining One.
 16412 | Orc:2    | Found a flagged portal.
 16430 | Bailey   | Entered a bailey
 16555 | Bailey   | Received a gift from Okawaru
 16886 | Orc:3    | Found a staircase to the Elven Halls.
 17236 | Orc:3    | Found a deep blue altar of Sif Muna.
 17461 | Orc:3    | Noticed Urug
 17468 | Orc:3    | Killed Urug
 17669 | Orc:4    | Entered Level 4 of the Orcish Mines
 18324 | Orc:4    | Received a gift from Okawaru
 18808 | Orc:4    | Got a blackened broad axe {god gift}
 18812 | Orc:4    | Found Tois' Magic Scroll Shoppe.
 18813 | Orc:4    | Found Wagun's Food Shop.
 18814 | Orc:4    | Found Pnapaatu's Antique Weapon Shop.
 18814 | Orc:4    | Found Maddaga's Jewellery Shoppe.
 19610 | Temple   | Identified the +9 broad axe of Nomudoom {chop, -Cast rPois SInv Stlth+} (Okawaru gifted it to you on level 4 of the Orcish Mines)
 19850 | Lair:1   | Entered Level 1 of the Lair of Beasts
 20291 | Lair:1   | Lost intelligence.
 20820 | Temple   | Lost intelligence.
 21449 | Lair:2   | Noticed Fannar
 21462 | Lair:2   | Killed Fannar
 22202 | Lair:3   | Received a gift from Okawaru
 22206 | Lair:3   | Got an ancient cloak {god gift}
 22217 | Lair:3   | Identified the +2 cloak of the Queen {rF+} (Okawaru gifted it to you on level 3 of the Lair of Beasts)
 22986 | Lair:4   | Found a staircase to the Snake Pit.
 23763 | Lair:5   | Reached XP level 15. HP: 137/137 MP: 9/9
 23819 | Lair:5   | Found a staircase to the Shoals.
 23850 | Lair:5   | Reached skill level 17 in Shields
 24915 | Temple   | Gained mutation: Your flesh is cold resistant. [potion of mutation]
 24915 | Temple   | Gained mutation: You are surrounded by a mild repulsion field (EV +2). [potion of mutation]
 24915 | Temple   | Gained mutation: You are partially covered in rugged brown scales (AC +1, +3% HP). [potion of mutation]
 24924 | Temple   | Lost mutation: Your flesh is cold resistant. [potion of cure mutation]
 24924 | Temple   | Lost mutation: You are surrounded by a mild repulsion field (EV +2). [potion of cure mutation]
 24924 | Temple   | Lost mutation: You are partially covered in rugged brown scales (AC +1, +3% HP). [potion of cure mutation]
 25301 | Lair:6   | Found a staircase to the Slime Pits.
 26338 | Lair:7   | Found a snail-covered altar of Cheibriados.
 26620 | Lair:7   | Noticed Nergalle
 26627 | Lair:7   | Killed Nergalle
 27048 | Lair:8   | Entered Level 8 of the Lair of Beasts
 27306 | Lair:8   | Received a gift from Okawaru
 27717 | Lair:8   | Reached skill level 18 in Long Blades
 27918 | Lair:8   | Received a gift from Okawaru
 27918 | Lair:8   | Reached skill level 15 in Fighting
 28902 | Slime:1  | Entered Level 1 of the Pits of Slime
 28935 | Slime:1  | Noticed an acid blob
 28941 | Slime:1  | Killed an acid blob
 28941 | Slime:1  | Reached XP level 16. HP: 149/149 MP: 9/9
 29098 | Slime:1  | Noticed an acid blob
 29108 | Slime:1  | Killed an acid blob
 29175 | Slime:1  | Noticed an azure jelly
 29184 | Slime:1  | Killed an azure jelly
 29701 | Slime:1  | Noticed an acid blob
 29707 | Slime:1  | Killed an acid blob
 29707 | Slime:1  | Received a gift from Okawaru
 30105 | Slime:2  | Noticed Dissolution
 30143 | Slime:1  | Gained mutation: Armour fits poorly on your strangely shaped body. [a shining eye]
 30144 | Slime:1  | Killed Dissolution
 30144 | Slime:1  | Reached skill level 19 in Long Blades
 30645 | Slime:2  | Noticed an acid blob
 30655 | Slime:2  | Killed an acid blob
 30655 | Slime:2  | Received a gift from Okawaru
 30658 | Slime:2  | Got a pair of ancient gloves {god gift}
 30696 | Slime:2  | Identified the +2 pair of gloves "Fiapi" {-Tele rC+ MR+ Regen+ Str+4} (Okawaru gifted it to you on level 2 of the Pits of Slime)
 30923 | Slime:3  | Gained mutation: You tend to lose your temper in combat. [a shining eye]
 30924 | Slime:3  | Noticed an acid blob
 30924 | Slime:3  | Gained mutation: You often lose your temper in combat. [a shining eye]
 30935 | Slime:3  | Killed an acid blob
 31691 | Slime:5  | Noticed an acid blob
 31698 | Slime:5  | Killed an acid blob
 31774 | Slime:5  | Noticed an acid blob
 31784 | Slime:5  | Killed an acid blob
 31846 | Slime:5  | Noticed an acid blob
 31853 | Slime:5  | Killed an acid blob
 31898 | Slime:5  | Reached XP level 17. HP: 142/159 MP: 0/9
 31924 | Slime:4  | Noticed an acid blob
 31986 | Slime:4  | Killed an acid blob
 32312 | Slime:6  | Entered Level 6 of the Pits of Slime
 32362 | Slime:6  | Reached skill level 20 in Long Blades
 32469 | Slime:5  | Noticed an acid blob
 32552 | Slime:5  | Killed an acid blob
 32769 | Slime:4  | Noticed Musteatbrain's ghost (mighty MiBe)
 32864 | Slime:4  | Killed Musteatbrain's ghost
 33385 | Slime:6  | Received a gift from Okawaru
 33589 | Slime:6  | Found a viscous altar of Jiyva.
 33589 | Slime:6  | Noticed the royal jelly
 33604 | Slime:6  | HP: 8/161 [acid (2)]
 33604 | Slime:6  | HP: 1/161 [slime creature (7)]
 33605 | Slime:6  | Demolished by an acid blob

Action                   |  1- 3 |  4- 6 |  7- 9 | 10-12 | 13-15 | 16-18 || total
-------------------------+-------+-------+-------+-------+-------+-------++-------
Melee: Long sword        |   108 |   170 |   386 |   598 |   306 |       ||  1568
       Mace              |       |     2 |       |       |       |       ||     2
       Hand axe          |       |     7 |       |    34 |     4 |       ||    45
       Unarmed           |       |       |       |     4 |       |       ||     4
       Double sword      |       |       |       |       |  1191 |   563 ||  1754
       Demon trident     |       |       |       |       |    70 |       ||    70
       Scimitar          |       |       |       |       |    15 |       ||    15
Invok: Heroism           |       |       |       |     2 |     2 |     2 ||     6
Evoke: Wand              |       |       |       |       |     3 |       ||     3
  Use: Potion            |       |     1 |     1 |     1 |     3 |     2 ||     8
       Scroll            |       |       |    13 |    11 |    16 |     1 ||    41
 Stab: Fleeing           |       |       |       |       |     1 |       ||     1
       Petrified         |       |       |       |       |     1 |       ||     1
  Eat: Chunk             |     2 |     4 |     9 |    15 |    43 |       ||    73
       Royal jelly       |       |     1 |       |       |       |     1 ||     2
       Beef jerky        |       |       |     2 |     1 |     3 |     1 ||     7
       Fruit             |       |       |       |     1 |    12 |    14 ||    27
